 Dungeon Crawl Stone Soup version 0.28-a0-1038-g9c4cb8273d (webtiles) character file.

Game seed: 10019575246461558456

13631 Htamos the Bewitcher (level 11, -1/72 HPs)
             Began as a Vampire Enchanter on Dec 8, 2021.
             Was a High Priest of Okawaru.
             Slain by a troll simulacrum (19 damage)
             ... on level 12 of the Dungeon.
             The game lasted 00:38:51 (14591 turns).

Htamos the Bewitcher (Vampire Enchanter)           Turns: 14591, Time: 00:38:51

Health: -1/72      AC:  5    Str:  7    XL:     11   Next: 78%
Magic:  23/23      EV: 18    Int: 16    God:    Okawaru [*****.]
Gold:   334        SH:  8    Dex: 35    Spells: 21/26 levels left

rFire   + . .      SeeInvis +   a - +4 dagger
rCold   . . .      Faith    .   C - +0 buckler
rNeg    . . .      Spirit   .   M - +1 robe of the Hanged Man {-Tele Int-2 Dex+10 SInv}
rPois   .          Reflect  .   (no helmet)
rElec   .          Harm     .   v - scarf {shadows}
rCorr   .          Rampage  .   R - +0 pair of gloves
Will    +....      NoTele   +   h - +0 pair of boots
Stlth   +++++++...              o - amulet of regeneration
HPRegen 1.22/turn               F - +6 ring of dexterity
MPRegen 0.18/turn               u - ring of protection from fire

@: healing quickly
A: alive, fangs 3, see invisible, vampiric 2
a: Exsanguinate, Renounce Religion, Heroism, Finesse, Duel


You were on level 12 of the Dungeon.
You worshipped Okawaru.
Okawaru was extremely pleased with you.
You visited 2 branches of the dungeon, and saw 13 of its levels.

You collected 466 gold pieces.
You spent 132 gold pieces at shops.

Inventory:

Hand Weapons
 a - a +4 dagger (weapon)
 f - a +2 hand axe of freezing
 q - a +2 whip of freezing
Missiles
 s - 37 poisoned darts (quivered)
 w - 3 curare-tipped darts
 B - a throwing net
Armour
 b - a +0 robe
 h - a +0 pair of boots (worn)
 i - the +8 orange crystal plate armour {Archmagi, Int+3 Clar}
   (You found it on level 5 of the Dungeon)

   Int:       It affects your intelligence (+3).
   Clar:      It protects you against confusion.
 j - a +0 ring mail
 l - a +0 plate armour
 n - the +1 robe of Poor Excuses {*Slow rN+ Regen+}
   (You found it on level 4 of the Dungeon)

   rN:        It protects you from negative energy.
   Regen:     It increases your rate of health regeneration.
   *Slow:     It may slow you when you take damage.
 r - a +1 robe of willpower
 v - a scarf of shadows (worn)
 x - a +0 kite shield
 y - a +0 troll leather armour
 C - a +0 buckler (worn)
 K - a +1 cloak
 M - the +1 robe of the Hanged Man (worn) {-Tele Int-2 Dex+10 SInv}
   (You found it on level 11 of the Dungeon)

   Int:       It affects your intelligence (-2).
   Dex:       It affects your dexterity (+10).
   SInv:      It lets you see invisible.
   -Tele:     It prevents most forms of teleportation.
 N - a +1 robe of fire resistance
 R - a +0 pair of gloves (worn)
Magical Staves
 d - a staff of air
Jewellery
 o - an amulet of regeneration (around neck)
 u - a ring of protection from fire (right hand)
 F - a +6 ring of dexterity (left hand)
Wands
 J - a wand of polymorph (5)
Scrolls
 c - 5 scrolls of teleportation
 g - a scroll of fog
 m - a scroll of silence
 z - a scroll of magic mapping {unknown}
 H - a scroll of enchant armour {unknown}
 L - a scroll of vulnerability {unknown}
Potions
 e - 3 potions of degeneration
 k - 4 potions of heal wounds
 p - a potion of mutation {unknown}
 t - 5 potions of haste
 A - 2 potions of flight
 E - 2 potions of brilliance
 G - a potion of curing {@qc}
 I - 2 potions of cancellation {unknown}
 O - a potion of ambrosia {unknown}
 P - a potion of invisibility
Miscellaneous
 Q - a condenser vane (inert)


   Skills:
 - Level 2.0 Fighting
 - Level 5.0 Short Blades
 - Level 5.0 Dodging
 + Level 13.3 Stealth
 + Level 3.7 Shields
 + Level 8.4 Spellcasting
 * Level 17.9 Hexes


You had 21 spell levels left.
You knew the following spells:

 Your Spells              Type           Power      Damage    Failure   Level
a - Ensorcelled Hibernat  Hex/Ice        70%        N/A       1%          2
b - Blink                 Tloc           12%        N/A       16%         2
c - Foxfire               Conj/Fire      24%        2x1d5     11%         1

Your spell library contained the following spells:

 Spells                   Type           Power      Damage    Failure   Level
 Slow                     Hex            100%       N/A       0%          1
 Confusing Touch          Hex            59%        N/A       1%          3
 Dazzling Flash           Conj/Hex       70%        N/A       1%          3
 Inner Flame              Hex/Fire       35%        N/A       1%          3
 Apportation              Tloc           12%        N/A       11%         1
 Conjure Flame            Conj/Fire      6%         6-21      32%         3
 Vampiric Draining        Necr           6%         2d6       32%         3
 Flame Wave               Conj/Fire      6%         2d4       71%         4
 Alistair's Intoxication  Tmut/Pois      4%         N/A       96%         5
 Manifold Assault         Tloc           6%         N/A       96%         5
 Storm Form               Tmut/Air       3%         N/A       100%        7
 Tukima's Dance           Hex            Unusable   N/A       N/A         3

Dungeon Overview and Level Annotations

Branches:
Dungeon (12/15)            Temple (1/1) D:4            Lair (0/6) D:11
    Orc (0/2) D:9

Altars:
Ashenzari
Cheibriados
Dithmenos
Elyvilon
Fedhas
Gozag
Hepliaklqana
Kikubaaqudgha
Makhleb
Nemelex Xobeh
Okawaru
Qazlal
Ru
Sif Muna
Trog
Uskayaw
Vehumet
Wu Jian
Xom
Yredelemnul
Zin
The Shining One

Shops:
D:6 *   D:8 [

Portals:
Ice
Cave: D:12


Innate Abilities, Weirdness & Mutations

Your natural rate of healing is accelerated.
You have razor-sharp teeth.
You have supernaturally acute eyesight. (SInv)
You are afflicted with vampirism and can become a bat while bloodless.


Message History

The puff of flame hits the two-headed ogre simulacrum!
The two-headed ogre simulacrum melts!
The two-headed ogre simulacrum is severely damaged.
Aiming: Throw Flame
Press: ? - help, Shift-Dir - straight line, f/p - two-headed ogre simulacrum
Aim: a two-headed ogre simulacrum (severely damaged, 100% to hit)
The puff of flame hits the two-headed ogre simulacrum!
The two-headed ogre simulacrum melts!
The two-headed ogre simulacrum vaporises!
Okawaru accepts your kill.
You hear a sizzling sound!
Aiming: Throw Flame
Press: ? - help, Shift-Dir - straight line, f - troll simulacrum
Aim: a troll simulacrum (89% to hit)
The puff of flame hits the troll simulacrum!
The troll simulacrum melts!
The troll simulacrum is moderately damaged.
The now-empty wand crumbles to dust.
Clouds of noxious fumes condense around you!
The condenser dries out!
Unknown command.
You puncture the troll simulacrum!
The troll simulacrum is heavily damaged.
The troll simulacrum closely misses you.
The troll simulacrum claws you. The troll simulacrum freezes you!
You block the troll simulacrum's attack.
You hit the troll simulacrum. Your bite misses the troll simulacrum.
The troll simulacrum is severely damaged.
You barely miss the troll simulacrum.
You bite the troll simulacrum, but do no damage.
The troll simulacrum is severely damaged.
The troll simulacrum barely misses you. The troll simulacrum claws you!
The troll simulacrum freezes you!!
* * * LOW HITPOINT WARNING * * *
The troll simulacrum barely misses you.
There is a stone staircase leading up here.
The troll simulacrum bites you.
* * * LOW HITPOINT WARNING * * *
The troll simulacrum freezes you!!
You die...

#.......#
#.......#
#.......###
..........#
..........#
...§§§....#
∩..§§§Z...#♣♣♣
...####@.....♣
#...#♣.♣ #...#
#...# #...#
....# ##...#


You could see a troll simulacrum.

Vanquished Creatures
  Erolcha (D:11)
  A boulder beetle (D:11)
  4 two-headed ogres
  Pikel (D:5)
  A manticore (D:11)
  A cyclops (D:11)
  Joseph (D:7)
  A kobold demonologist (D:8)
  A troll (D:9)
  3 slime creatures (D:12)
  9 yaks
  2 wyverns (D:8)
  2 steam dragons (D:7)
  An acid dragon (D:11)
  3 wargs (D:11)
  2 water moccasins
  A sky beast (D:5)
  A hornet zombie (D:7)
  4 orc warriors
  An ogre (D:5)
  4 centaurs
  8 kobold brigands
  A lemure (D:5)
  4 bullfrogs
  2 wyvern zombies
  2 scorpions
  A two-headed ogre simulacrum (D:12)
  19 killer bees
  5 howler monkeys
  2 bullfrog zombies (D:6)
  4 centaur zombies
  5 hounds
  2 jellies
  2 gnoll shamans
  5 orc priests
  3 bullfrog skeletons
  3 iguanas
  Jessica (D:2)
  2 centaur skeletons (D:5)
  12 orc wizards
  A troll simulacrum (D:12)
  A killer bee zombie (D:8)
  9 gnolls
  A naga simulacrum (D:12)
  6 adders
  2 ufetubi
  A worm (D:5)
  A dart slug (D:1)
  34 orcs
  11 ball pythons
  6 endoplasms
  3 giant cockroaches (D:1)
  8 goblins
  6 hobgoblins
  2 jackals (D:4)
  2 quokkas (D:5)
  4 bats
  5 frilled lizards
  19 kobolds
  5 rats
255 creatures vanquished.

Notes
Turn   | Place    | Note
-------+----------+-------------------------------------------
     0 | D:1      | Htamos the Vampire Enchanter began the quest for the Orb.
     0 | D:1      | Reached XP level 1. HP: 13/13 MP: 3/3
   171 | D:1      | Reached XP level 2. HP: 14/20 MP: 5/5
   490 | D:1      | Reached skill level 1 in Fighting
   583 | D:1      | Found a faded altar of an unknown god.
   878 | D:2      | Learned a level 2 spell: Ensorcelled Hibernation
   923 | D:2      | Gained mutation: You are afflicted with vampirism and can
                  | become a bat while bloodless. [Vampire growth]
   923 | D:2      | Reached XP level 3. HP: 26/26 MP: 6/6
  1010 | D:2      | Noticed Jessica
  1076 | D:2      | Killed Jessica
  1199 | D:2      | Reached XP level 4. HP: 32/32 MP: 2/7
  2406 | D:3      | Reached skill level 5 in Stealth
  2643 | D:4      | Reached skill level 5 in Hexes
  2643 | D:4      | Reached XP level 5. HP: 38/38 MP: 5/8
  3060 | D:4      | Found a staircase to the Ecumenical Temple.
  3070 | Temple   | Entered the Ecumenical Temple
  3289 | Temple   | Became a worshipper of Warmaster Okawaru
  3607 | D:4      | Identified the +1 robe of Poor Excuses {*Slow rN+ Regen+}
  3707 | D:4      | Reached XP level 6. HP: 44/44 MP: 4/9
  4131 | D:5      | Entered Level 5 of the Dungeon
  4255 | D:5      | Noticed Pikel
  4259 | D:5      | Noticed a water moccasin
  4300 | D:5      | Killed a water moccasin
  4311 | D:5      | Found the +8 orange crystal plate armour {Archmagi, Int+3
                  | Clar}
  4328 | D:5      | Reached skill level 5 in Dodging
  4480 | D:5      | Reached skill level 5 in Short Blades
  4488 | D:5      | Noticed a sky beast
  4494 | D:5      | Killed a sky beast
  4495 | D:5      | Reached XP level 7. HP: 50/50 MP: 5/10
  4580 | D:5      | Reached skill level 6 in Hexes
  4678 | D:5      | Killed Pikel
  4678 | D:5      | Reached * piety under Okawaru
  4678 | D:5      | Reached ** piety under Okawaru
  4679 | D:5      | Reached skill level 8 in Hexes
  4679 | D:5      | Reached XP level 8. HP: 50/56 MP: 3/13
  4862 | D:5      | Reached skill level 9 in Hexes
  5043 | D:6      | Found Hahairgha's Neck Hole.
  5272 | D:6      | Bought a scarf of shadows for 132 gold pieces
  5468 | D:6      | Found a stormy altar of Qazlal.
  5479 | D:6      | Reached skill level 10 in Hexes
  5517 | D:6      | Found a broken altar of Ashenzari.
  5672 | D:6      | Reached *** piety under Okawaru
  5673 | D:6      | Reached skill level 11 in Hexes
  5677 | D:6      | Reached XP level 9. HP: 46/61 MP: 4/16
  6004 | D:7      | Reached skill level 5 in Spellcasting
  6279 | D:6      | Learned a level 2 spell: Blink
  6281 | D:6      | Learned a level 1 spell: Foxfire
  7499 | D:7      | Reached skill level 12 in Hexes
  7555 | D:7      | Noticed Joseph
  7564 | D:7      | Killed Joseph
  8439 | D:7      | Reached skill level 13 in Hexes
  8639 | D:7      | Found a shadowy altar of Dithmenos.
  9040 | D:8      | Reached **** piety under Okawaru
  9082 | D:8      | Reached XP level 10. HP: 67/67 MP: 16/19
  9138 | D:8      | Reached skill level 10 in Stealth
  9138 | D:8      | Reached skill level 14 in Hexes
  9880 | D:8      | Reached skill level 15 in Hexes
 10689 | D:8      | Found Plog's Antique Armour Emporium.
 11180 | D:9      | Found a staircase to the Orcish Mines.
 11474 | D:9      | Reached ***** piety under Okawaru
 11478 | D:9      | Reached skill level 16 in Hexes
 12179 | D:9      | Found a hide-covered altar of Uskayaw.
 12180 | D:9      | Found an ancient bone altar of Kikubaaqudgha.
 12180 | D:9      | Found an ornate altar of the Wu Jian Council.
 12220 | D:10     | Entered Level 10 of the Dungeon
 12363 | D:10     | Reached skill level 1 in Shields
 12463 | D:10     | Noticed a two-headed ogre
 12492 | D:10     | Killed a two-headed ogre
 12493 | D:10     | Reached XP level 11. HP: 72/72 MP: 22/22
 12498 | D:10     | Noticed a two-headed ogre
 12502 | D:10     | Killed a two-headed ogre
 12799 | D:10     | Noticed a two-headed ogre
 13251 | D:10     | Killed a two-headed ogre
 13405 | D:11     | Identified the +1 robe of the Hanged Man {-Tele Int-2
                  | Dex+10 SInv}
 13436 | D:11     | Received a gift from Okawaru
 13437 | D:11     | Reached skill level 17 in Hexes
 13661 | D:11     | Found a staircase to the Lair.
 14019 | D:11     | Noticed a boulder beetle
 14023 | D:11     | Killed a boulder beetle
 14262 | D:11     | Noticed Erolcha
 14266 | D:11     | Killed Erolcha
 14345 | D:11     | Noticed a two-headed ogre
 14355 | D:11     | Noticed a white ugly thing
 14368 | D:11     | Killed a two-headed ogre
 14578 | D:12     | Found a frozen archway.
 14591 | D:12     | Slain by a troll simulacrum

Illustrated notes

Levels and vault maps discovered:
D:1:      dpeg_arrival_fog, layout_basic,
          shapermc_ecumenical_altar_starsandcircs
D:2:      wander_river, layout_basic, uniq_jessica
D:3:      layout_loops_ring
D:4:      layout_cave_pools, minmay_temple_entry_stoned_glass, serial_park,
          serial_park_tiny_pond, serial_park_tiny_1, serial_park_square3
          [serial_park_minivault_5x5_3], serial_park_square3
          [serial_park_minivault_5x5_1]
D:5:      layout_loops_cross, uniq_pikel
D:6:      nicolae_cairo_tiling_large_dashed, layout_basic,
          kennysheep_little_box, lemuel_round_altar,
          nicolae_shop_sticking_my_neck_out
D:7:      layout_cave_pods, mainiacjoe_overflow_alcove_4, uniq_joseph
D:8:      layout_basic, serial_shops, shop_statue, special_room
          [special_room_kobold], grunt_ministairs_1, st_stairs_9
D:9:      layout_stronghold, mainiacjoe_overflow_alcove_3, david_orc_3
D:10:     layout_loops_cross, kennysheep_cross_room
D:11:     layout_loops_ring, erik_lair_orcish_takeover, minmay_between,
          uniq_erolcha
D:12:     kb_forest_paths, layout_small_grid,
          portal_ice_cave_entry_ice_simulacra
Temple:   regret_index_temple_generic_petals

Skill      XL: |  1  2  3  4  5  6  7  8  9 10 11 |
---------------+----------------------------------+-----
Fighting       | 1 2 |  2.0
Short Blades   | 2 3 5 |  5.0
Dodging        | 3 4 5 |  5.0
Stealth        | 5 7 9 12 13 | 13.3
Hexes          | 5 8 11 13 16 17 | 17.9
Spellcasting   | 3 4 6 7 8 |  8.4
Shields        | 1 3 |  3.7

Action                   |  1- 3 |  4- 6 |  7- 9 | 10-12 || total
-------------------------+-------+-------+-------+-------++-------
Melee: Dagger            |   137 |    89 |   225 |   194 ||   645
       Bite              |     9 |    10 |    20 |     9 ||    48
 Cast: Ensorcelled Hiber |     8 |    42 |    64 |   152 ||   266
Invok: Heroism           |       |       |     1 |       ||     1
Evoke: Wand              |       |       |       |    11 ||    11
       Condenser vane    |       |       |       |     1 ||     1
  Use: Scroll            |     2 |     4 |     2 |     4 ||    12
       Potion            |     2 |       |     4 |     3 ||     9
 Stab: Sleeping          |     8 |    36 |    52 |   107 ||   203
       Invisible         |     1 |       |     1 |       ||     2
       Distracted        |     1 |       |       |       ||     1
Armor: Robe              |    28 |    26 |    36 |    16 ||   106
       Troll leather arm |       |       |       |    26 ||    26
Dodge: Dodged            |    73 |    74 |   165 |   165 ||   477
Block: Buckler           |       |       |       |     7 ||     7

Table legend: (Time is in decaauts)
 A = Elapsed time spent in this place.
 B = Non-inter-level travel time spent in this place.
 C = Inter-level travel time spent in this place.
 D = Time resting spent in this place.
 E = Time spent auto-exploring this place.
 F = Levels seen in this place.
 G = Mean time per level.
                   A        B        C        D        E       F      G
               +--------+--------+--------+--------+--------+-----+--------+
         Total |  14580 |  13701 |    879 |   2432 |   7512 |  13 | 1121.5 |
       Dungeon |  14322 |  13506 |    816 |   2432 |   7325 |  12 | 1193.5 |
        Temple |    257 |    194 |     63 |      0 |    187 |   1 |  257.0 |
               +--------+--------+--------+--------+--------+-----+--------+

Top non-repeatable levels by time:
     D:8: 2220 daAuts
     D:6: 2011 daAuts
     D:7: 1630 daAuts
     D:9: 1225 daAuts
    D:11: 1215 daAuts
     D:2: 1151 daAuts
     D:4: 1138 daAuts
    D:10: 1078 daAuts
     D:5: 1007 daAuts
     D:3: 795 daAuts
     D:1: 795 daAuts
  Temple: 257 daAuts
    D:12: 51 daAuts
